| TOP OF THE 1ST |
|
Portland Stag batting - Pitching for Idaho Falls Chukars : RHP Amaury Telemaco
|
|
Pitching: RHP Amaury Telemaco
|
|
|
Batting: SHB Jose Vizcaino
|
0-0: Swinging Strike 0-1: Ball 1-1: Foul Ball, location: 2F 1-2: Foul Ball, location: 2F 1-2: Foul Ball, location: 2F 1-2: Foul Ball, location: 2F 1-2: Ball 2-2: Strikes out swinging
|
|
Batting: RHB Fernando Tatis
|
0-0: Foul Ball, location: 2F 0-1: Called Strike 0-2: Strikes out looking
|
|
Batting: RHB Jeff Kunkel
|
0-0: Called Strike 0-1: Foul Ball, location: 2F 0-2: Ball 1-2: Strikes out swinging
|
| Top of the 1st over - 0 runs, 0 hits, 0 errors, 0 left on base; Portland 0 - Idaho Falls 0 |
| BOTTOM OF THE 1ST |
|
Idaho Falls Chukars batting - Pitching for Portland Stag : RHP Brett Tomko
|
|
Pitching: RHP Brett Tomko
|
|
|
Batting: LHB Wayne Kirby
|
0-0: Called Strike 0-1: Ball 1-1: Ball 2-1: SINGLE (Line Drive, 9LS, EV 86.9 MPH)
|
|
Batting: LHB Dwight Smith
|
0-0: Called Strike 0-1: Ball 1-1: Called Strike 1-2: Ball 2-2: Foul Ball, location: 2F 2-2: SINGLE (Groundball, 4MD, EV 96.3 MPH) Wayne Kirby to second
|
|
Batting: LHB Tyler Houston
|
0-0: DOUBLE (Groundball, 3L, EV 100.6 MPH) Wayne Kirby scores Dwight Smith to third
|
|
Batting: LHB Rico Brogna
|
0-0: Called Strike 0-1: Called Strike 0-2: Fly out, F6 (Popup, 4MS, EV 87.5 MPH)
|
|
Batting: RHB Mark Lewis
|
0-0: Foul Ball, location: 2F 0-1: Ball 1-1: Swinging Strike 1-2: Foul Ball, location: 2F 1-2: Ball 2-2: Ground out 5-3 (Groundball, 5L, EV 80.0 MPH)
|
|
Batting: SHB Marcus Jensen
|
0-0: Ball 1-0: Foul Ball, location: 2F 1-1: Swinging Strike 1-2: Ball 2-2: Foul Ball, location: 2F 2-2: Foul Ball, location: 2F 2-2: Foul Ball, location: 2F 2-2: DOUBLE (Flyball, 78D, EV 103.1 MPH) Dwight Smith scores Tyler Houston scores
|
|
Batting: LHB Darren Daulton
|
0-0: Ball 1-0: Ball 2-0: Swinging Strike 2-1: Foul Ball, location: 2F 2-2: Strikes out swinging
|
| Bottom of the 1st over - 3 runs, 4 hits, 0 errors, 1 left on base; Portland 0 - Idaho Falls 3 |
| TOP OF THE 2ND |
|
Portland Stag batting - Pitching for Idaho Falls Chukars : RHP Amaury Telemaco
|
|
Batting: LHB Mark P Johnson
|
0-0: Ball 1-0: Ball 2-0: Foul Ball, location: 2F 2-1: Foul Ball, location: 2F 2-2: Ball 3-2: Base on Balls
|
|
Batting: RHB Wes Chamberlain
|
0-0: Ball 1-0: Ball 2-0: Fly out, F4 (Popup, 3DF, EV 59.4 MPH)
|
|
Batting: RHB Chris Widger
|
0-0: Foul Ball, location: 2F 0-1: SINGLE (Line Drive, 8LS, EV 105.0 MPH) Mark P Johnson to second Runner from 2nd tries for 3rd, SAFE, no throw by LF
|
|
Batting: RHB Alex S Gonzalez
|
0-0: Called Strike 0-1: Swinging Strike 0-2: Ball 1-2: Strikes out swinging
|
|
Batting: RHB Josh Booty
|
0-0: Ball 1-0: Ball 2-0: Called Strike 2-1: Called Strike 2-2: Foul Ball, location: 2F 2-2: Fielders Choice at 2nd, 6-4 (Groundball, 6, EV 81.9 MPH)
|
| Top of the 2nd over - 0 runs, 1 hit, 0 errors, 2 left on base; Portland 0 - Idaho Falls 3 |
| BOTTOM OF THE 2ND |
|
Idaho Falls Chukars batting - Pitching for Portland Stag : RHP Brett Tomko
|
|
Batting: RHB Les Norman
|
0-0: Ball 1-0: Ball 2-0: SINGLE (Line Drive, 78S, EV 113.8 MPH)
|
|
Batting: RHB Takahiro Suzuki
|
0-0: Called Strike 0-1: Ball 1-1: TRIPLE (Line Drive, 9LD, EV 100.0 MPH) Les Norman scores
|
|
Batting: LHB Wayne Kirby
|
0-0: Ball 1-0: Called Strike 1-1: Foul Ball, location: 2F 1-2: Ball 2-2: Fly out, F8 (Flyball, 8LS, EV 92.5 MPH)
|
|
Batting: LHB Dwight Smith
|
0-0: 2-RUN HOME RUN (Flyball, 9LD, EV 90.6 MPH), Distance : 339 ft
|
|
Batting: LHB Tyler Houston
|
0-0: Ball 1-0: Ball 2-0: Called Strike 2-1: Ball 3-1: Foul Ball, location: 2F 3-2: Strikes out swinging
|
|
Batting: LHB Rico Brogna
|
0-0: Called Strike 0-1: Called Strike 0-2: Ball 1-2: Strikes out looking
|
| Bottom of the 2nd over - 3 runs, 3 hits, 0 errors, 0 left on base; Portland 0 - Idaho Falls 6 |
| TOP OF THE 3RD |
|
Portland Stag batting - Pitching for Idaho Falls Chukars : RHP Amaury Telemaco
|
|
Batting: LHB Yoshinobu Takahashi
|
0-0: Ball 1-0: Swinging Strike 1-1: Foul Ball, location: 2F 1-2: Ground out 5-3 (Groundball, 56, EV 111.3 MPH)
|
|
Batting: SHB Jose Vizcaino
|
0-0: Ball 1-0: Ball 2-0: Called Strike 2-1: Ball 3-1: Swinging Strike 3-2: Foul Ball, location: 2F 3-2: Base on Balls
|
|
Batting: RHB Fernando Tatis
|
0-0: Ball 1-0: Swinging Strike 1-1: SINGLE (Line Drive, 9S, EV 108.8 MPH) Jose Vizcaino to second
|
|
Batting: RHB Jeff Kunkel
|
0-0: Ball 1-0: Foul Ball, location: 2F 1-1: Called Strike 1-2: Strikes out swinging
|
|
Batting: LHB Mark P Johnson
|
0-0: Ball 1-0: Ball 2-0: Ball 3-0: Called Strike 3-1: Called Strike 3-2: Fly out, F9 (Flyball, 9S, EV 84.4 MPH)
|
| Top of the 3rd over - 0 runs, 1 hit, 0 errors, 2 left on base; Portland 0 - Idaho Falls 6 |
| BOTTOM OF THE 3RD |
|
Idaho Falls Chukars batting - Pitching for Portland Stag : RHP Brett Tomko
|
|
Pitching: RHP Gary Haught
|
|
|
Batting: RHB Mark Lewis
|
0-0: Ball 1-0: Foul Ball, location: 2F 1-1: Called Strike 1-2: Foul Ball, location: 2F 1-2: Foul Ball, location: 2F 1-2: Strikes out swinging
|
|
Batting: SHB Marcus Jensen
|
0-0: Called Strike 0-1: Ball 1-1: TRIPLE (Flyball, 89XD, EV 93.1 MPH)
|
|
Batting: LHB Darren Daulton
|
0-0: Called Strike 0-1: Fly out, F8 (Flyball, 89XD, EV 103.8 MPH) Runner from 3rd tags up, SCORES, no throw by CF
|
|
Batting: RHB Les Norman
|
0-0: Ball 1-0: Swinging Strike 1-1: Called Strike 1-2: Strikes out swinging
|
| Bottom of the 3rd over - 1 run, 1 hit, 0 errors, 0 left on base; Portland 0 - Idaho Falls 7 |
| TOP OF THE 4TH |
|
Portland Stag batting - Pitching for Idaho Falls Chukars : RHP Amaury Telemaco
|
|
Batting: RHB Wes Chamberlain
|
0-0: Swinging Strike 0-1: Ball 1-1: Swinging Strike 1-2: Strikes out swinging
|
|
Batting: RHB Chris Widger
|
0-0: Ball 1-0: Ball 2-0: Called Strike 2-1: Swinging Strike 2-2: Ball 3-2: Ground out 4-3 (Groundball, 34, EV 85.6 MPH)
|
|
Batting: RHB Alex S Gonzalez
|
0-0: Ball 1-0: Ball 2-0: Called Strike 2-1: Ball 3-1: Fly out, F8 (Line Drive, 8RM, EV 105.0 MPH)
|
| Top of the 4th over - 0 runs, 0 hits, 0 errors, 0 left on base; Portland 0 - Idaho Falls 7 |
| BOTTOM OF THE 4TH |
|
Idaho Falls Chukars batting - Pitching for Portland Stag : RHP Gary Haught
|
|
Batting: RHB Takahiro Suzuki
|
0-0: Ball 1-0: Ball 2-0: Ball 3-0: Called Strike 3-1: Foul Ball, location: 2F 3-2: Strikes out swinging
|
|
Batting: LHB Wayne Kirby
|
0-0: Ball 1-0: SINGLE (Line Drive, 4MD, EV 96.9 MPH)
|
|
Batting: LHB Dwight Smith
|
0-0: Foul Ball, location: 2F 0-1: Fly out, F7 (Flyball, 7LSF, EV 87.5 MPH)
|
|
Batting: LHB Tyler Houston
|
0-0: Called Strike 0-1: Fly out, F8 (Flyball, 89M, EV 88.1 MPH)
|
| Bottom of the 4th over - 0 runs, 1 hit, 0 errors, 1 left on base; Portland 0 - Idaho Falls 7 |
| TOP OF THE 5TH |
|
Portland Stag batting - Pitching for Idaho Falls Chukars : RHP Amaury Telemaco
|
|
Batting: RHB Josh Booty
|
0-0: Ground out 2-3 (Groundball, 15S, EV 64.4 MPH)
|
|
Batting: LHB Yoshinobu Takahashi
|
0-0: Ball 1-0: Swinging Strike 1-1: Called Strike 1-2: Ball 2-2: Strikes out swinging
|
|
Batting: SHB Jose Vizcaino
|
0-0: Ground out 4-3 (Groundball, 4, EV 88.1 MPH)
|
| Top of the 5th over - 0 runs, 0 hits, 0 errors, 0 left on base; Portland 0 - Idaho Falls 7 |
| BOTTOM OF THE 5TH |
|
Idaho Falls Chukars batting - Pitching for Portland Stag : RHP Gary Haught
|
|
Batting: LHB Rico Brogna
|
0-0: SINGLE (Groundball, 34D, EV 104.4 MPH)
|
|
Batting: RHB Mark Lewis
|
0-0: Ball 1-0: Swinging Strike 1-1: Swinging Strike 1-2: Ball 2-2: Fly out, F5 (Popup, 56, EV 78.8 MPH)
|
|
Batting: SHB Marcus Jensen
|
0-0: Fly out, F8 (Flyball, 8LXD, EV 108.1 MPH)
|
|
Batting: LHB Darren Daulton
|
0-0: Called Strike 0-1: Ball 1-1: Ball 2-1: Ball 3-1: Foul Ball, location: 2F 3-2: Foul Ball, location: 2F 3-2: Base on Balls Rico Brogna to second
|
|
Batting: RHB Les Norman
|
0-0: Called Strike 0-1: Ball 1-1: Ball 2-1: Ball 3-1: Base on Balls Rico Brogna to third Darren Daulton to second
|
|
Batting: RHB Takahiro Suzuki
|
0-0: Ball 1-0: Foul Ball, location: 2F 1-1: Hit by Pitch Rico Brogna scores Darren Daulton to third Les Norman to second
|
|
Batting: LHB Wayne Kirby
|
0-0: Foul Ball, location: 2F 0-1: Ball 1-1: Ball 2-1: Ball 3-1: SINGLE (Groundball, 25, EV 68.1 MPH) (infield hit) Darren Daulton scores Les Norman to third Takahiro Suzuki to second
|
|
Pitching: LHP Billy Brewer
|
|
|
Batting: LHB Dwight Smith
|
0-0: Swinging Strike 0-1: Ball 1-1: Ball 2-1: Ball 3-1: Base on Balls Les Norman scores Takahiro Suzuki to third Wayne Kirby to second
|
|
Batting: LHB Tyler Houston
|
0-0: Fly out, F7 (Flyball, 7S, EV 85.0 MPH)
|
| Bottom of the 5th over - 3 runs, 2 hits, 0 errors, 3 left on base; Portland 0 - Idaho Falls 10 |
| TOP OF THE 6TH |
|
Portland Stag batting - Pitching for Idaho Falls Chukars : RHP Amaury Telemaco
|
|
Batting: RHB Fernando Tatis
|
0-0: Ball 1-0: Called Strike 1-1: Called Strike 1-2: Strikes out swinging
|
|
Batting: RHB Jeff Kunkel
|
0-0: Called Strike 0-1: Ground out U3 (Groundball, 34S, EV 82.5 MPH)
|
|
Batting: LHB Mark P Johnson
|
0-0: Ball 1-0: Ball 2-0: Called Strike 2-1: Called Strike 2-2: Strikes out swinging
|
| Top of the 6th over - 0 runs, 0 hits, 0 errors, 0 left on base; Portland 0 - Idaho Falls 10 |
| BOTTOM OF THE 6TH |
|
Idaho Falls Chukars batting - Pitching for Portland Stag : LHP Billy Brewer
|
|
Batting: LHB Rico Brogna
|
0-0: SINGLE (Line Drive, 89S, EV 98.1 MPH)
|
|
Batting: RHB Mark Lewis
|
0-0: Swinging Strike 0-1: Swinging Strike 0-2: Strikes out swinging
|
|
Batting: SHB Marcus Jensen
|
0-0: Ball 1-0: Ball Passed Ball! Rico Brogna to second 2-0: Ball Passed Ball! Rico Brogna to third 3-0: Called Strike 3-1: Fly out, F4 (Popup, 4MD, EV 65.6 MPH)
|
|
Batting: LHB Darren Daulton
|
0-0: SINGLE (Flyball, 9S, EV 96.3 MPH) Rico Brogna scores
|
|
Batting: RHB Les Norman
|
0-0: Foul Ball, location: 2F 0-1: Ball 1-1: Ball 2-1: Ground out 6-3 (Groundball, 6S, EV 71.3 MPH)
|
| Bottom of the 6th over - 1 run, 2 hits, 0 errors, 1 left on base; Portland 0 - Idaho Falls 11 |
| TOP OF THE 7TH |
|
Portland Stag batting - Pitching for Idaho Falls Chukars : RHP Amaury Telemaco
|
|
Batting: RHB Wes Chamberlain
|
0-0: Ball 1-0: Swinging Strike 1-1: Ball 2-1: Ball 3-1: Base on Balls
|
|
Batting: RHB Chris Widger
|
0-0: Called Strike Wes Chamberlain steals 2nd base (no throw) 0-1: SINGLE (Line Drive, 78M, EV 83.8 MPH) Wes Chamberlain to third
|
|
Batting: RHB Alex S Gonzalez
|
0-0: Called Strike 0-1: Swinging Strike 0-2: Strikes out swinging
|
|
Batting: RHB Josh Booty
|
0-0: SINGLE (Line Drive, 89M, EV 93.1 MPH) Wes Chamberlain scores Chris Widger to second
|
|
Batting: LHB Yoshinobu Takahashi
|
0-0: Called Strike 0-1: SINGLE (Flyball, 89M, EV 91.9 MPH) Chris Widger to third Josh Booty to second
|
|
Pitching: RHP Phil Stidham
|
|
|
Batting: SHB Jose Vizcaino
|
0-0: Fielders Choice at 2nd, 4-6 (Groundball, 4, EV 90.0 MPH) Chris Widger scores Josh Booty to third
|
|
Batting: RHB Fernando Tatis
|
0-0: Ball 1-0: Foul Ball, location: 2F 1-1: Called Strike 1-2: Fly out, F8 (Flyball, 8LS, EV 86.9 MPH)
|
| Top of the 7th over - 2 runs, 3 hits, 0 errors, 2 left on base; Portland 2 - Idaho Falls 11 |
| BOTTOM OF THE 7TH |
|
Idaho Falls Chukars batting - Pitching for Portland Stag : LHP Billy Brewer
|
|
Batting: RHB Takahiro Suzuki
|
0-0: Called Strike 0-1: Fly out, F9 (Flyball, 89D, EV 105.6 MPH)
|
|
Batting: LHB Wayne Kirby
|
0-0: Foul Ball, location: 2F 0-1: Called Strike 0-2: Ball 1-2: Foul Ball, location: 2F 1-2: Fly out, F4 (Line Drive, 4M, EV 80.6 MPH)
|
|
Batting: LHB Dwight Smith
|
0-0: Ball 1-0: Ball 2-0: Ball 3-0: Base on Balls
|
|
Batting: LHB Tyler Houston
|
0-0: Fielders Choice at 2nd, 6-4 (Groundball, 6, EV 79.4 MPH)
|
| Bottom of the 7th over - 0 runs, 0 hits, 0 errors, 1 left on base; Portland 2 - Idaho Falls 11 |
| TOP OF THE 8TH |
|
Portland Stag batting - Pitching for Idaho Falls Chukars : RHP Phil Stidham
|
|
Batting: RHB Jeff Kunkel
|
0-0: Ball 1-0: Called Strike 1-1: Ball 2-1: Ground out 6-3 (Groundball, 6, EV 76.9 MPH)
|
|
Batting: LHB Mark P Johnson
|
0-0: Called Strike 0-1: Foul Ball, location: 2F 0-2: SINGLE (Groundball, 34D, EV 95.6 MPH)
|
|
Batting: RHB Wes Chamberlain
|
0-0: Swinging Strike 0-1: Called Strike 0-2: Ball 1-2: Strikes out swinging
|
|
Batting: RHB Chris Widger
|
0-0: Called Strike 0-1: Ball 1-1: Ball 2-1: Called Strike 2-2: Strikes out swinging
|
| Top of the 8th over - 0 runs, 1 hit, 0 errors, 1 left on base; Portland 2 - Idaho Falls 11 |
| BOTTOM OF THE 8TH |
|
Idaho Falls Chukars batting - Pitching for Portland Stag : LHP Billy Brewer
|
|
Pinch Hitting: RHB Greg Pirkl
|
0-0: Fly out, F3 (Popup, 34, EV 65.0 MPH)
|
|
Batting: RHB Mark Lewis
|
0-0: Called Strike 0-1: Called Strike 0-2: Ball 1-2: Foul Ball, location: 2F 1-2: SINGLE (Flyball, 7LS, EV 95.0 MPH)
|
|
Batting: SHB Marcus Jensen
|
0-0: Called Strike 0-1: Swinging Strike 0-2: Foul Ball, location: 2F 0-2: Ball 1-2: Ball 2-2: Strikes out looking
|
|
Batting: LHB Darren Daulton
|
0-0: Ball 1-0: Ball 2-0: Called Strike 2-1: Called Strike 2-2: Strikes out swinging
|
| Bottom of the 8th over - 0 runs, 1 hit, 0 errors, 1 left on base; Portland 2 - Idaho Falls 11 |
| TOP OF THE 9TH |
|
Portland Stag batting - Pitching for Idaho Falls Chukars : RHP Phil Stidham
|
|
Now at 1B: Greg Pirkl
|
|
|
Batting: RHB Alex S Gonzalez
|
0-0: Ball 1-0: Called Strike 1-1: SOLO HOME RUN (Line Drive, 7D, EV 97.5 MPH), Distance : 391 ft
|
|
Batting: RHB Josh Booty
|
0-0: Swinging Strike 0-1: Swinging Strike 0-2: Ball 1-2: Ball 2-2: Ball 3-2: SINGLE (Groundball, 34S, EV 86.3 MPH) (infield hit)
|
|
Batting: LHB Yoshinobu Takahashi
|
0-0: Swinging Strike 0-1: Swinging Strike 0-2: Ball 1-2: Ball 2-2: Fly out, F8 (Flyball, 8RS, EV 90.6 MPH)
|
|
Pitching: RHP Steve Montgomery
|
|
|
Batting: SHB Jose Vizcaino
|
0-0: Ball Wild Pitch! Josh Booty to second 1-0: Called Strike 1-1: Ball 2-1: Called Strike 2-2: Fly out, F8 (Flyball, 8LD, EV 91.9 MPH)
|
|
Batting: RHB Fernando Tatis
|
0-0: Foul Ball, location: 2F 0-1: Ball 1-1: Foul Ball, location: 2F 1-2: Ball 2-2: DOUBLE (Line Drive, 5D, EV 110.0 MPH) Josh Booty scores
|
|
Batting: RHB Jeff Kunkel
|
0-0: Called Strike 0-1: Ball 1-1: SINGLE (Line Drive, 89S, EV 101.9 MPH) Fernando Tatis to third
|
|
Batting: LHB Mark P Johnson
|
0-0: Ball 1-0: Swinging Strike 1-1: Foul Ball, location: 2F 1-2: Foul Ball, location: 2F 1-2: Foul Ball, location: 2F 1-2: Strikes out swinging
|
| Top of the 9th over - 2 runs, 4 hits, 0 errors, 2 left on base; Portland 4 - Idaho Falls 11 |
|